 Dungeon Crawl Stone Soup version 0.29-a0-418-gc0181ea820 (webtiles) character file.

Game seed: 5078660732236851595

351 DarkSlayer6995 the Ducker (level 6, 0/53 HPs)
             Began as a Minotaur Gladiator on May 17, 2022.
             Slain by an orc
             ... wielding a +0 dagger
              (1 damage)
             ... on level 4 of the Dungeon.
             The game lasted 00:13:46 (2913 turns).

DarkSlayer6995 the Ducker (Minotaur Gladiator)      Turns: 2913, Time: 00:13:46

Health: 0/53       AC:  3    Str: 20    XL:     6   Next: 34%
Magic:  5/5        EV: 13    Int:  5    God:
Gold:   109        SH:  0    Dex: 12    Spells: 5/5 levels left

rFire   . . .      SeeInvis .   p - +1 short sword (venom)
rCold   . . .      Faith    .   (no shield)
rNeg    . . .      Spirit   .   b - +0 leather armour
rPois   .          Reflect  .   c - +0 hat
rElec   .          Harm     .   (no cloak)
rCorr   .          Rampage  .   (no gloves)
Will    .....                   (no boots)
Stlth   +.........              (no amulet)
HPRegen 0.17/turn               (no ring)
MPRegen 0.09/turn               (no ring)

@: about to teleport
A: horns 2, retaliatory headbutt
a: no special abilities


You were on level 4 of the Dungeon.
You visited 1 branch of the dungeon, and saw 4 of its levels.

You collected 169 gold pieces.
You spent 60 gold pieces at shops.

Inventory:

Hand Weapons
 a - a +0 war axe
 g - a +0 dagger of electrocution
 p - a +1 short sword of venom (weapon)
 w - a +1 hand axe of holy wrath
Missiles
 d - 3 throwing nets (quivered)
 e - a javelin
 h - 72 stones
Armour
 b - a +0 leather armour (worn)
 c - a +0 hat (worn)
Jewellery
 o - a ring of see invisible
Wands
 r - a wand of mindburst (10)
 s - a wand of acid (5)
Scrolls
 f - 2 scrolls of summoning
 i - 2 scrolls of noise
 k - 2 scrolls of identify
 m - a scroll of fog {unknown}
 n - a scroll of vulnerability {unknown}
 u - 2 scrolls of enchant armour
Potions
 l - a potion of brilliance {unknown}
 q - a potion of lignification {unknown}
 t - a potion of might {unknown}
 v - a potion of curing {unknown}


   Skills:
 + Level 4.3 Fighting
 + Level 2.5 Short Blades
 + Level 4.2 Axes
 + Level 2.6 Throwing
 + Level 2.9 Armour
 + Level 4.9 Dodging
 + Level 0.4 Stealth


You had 5 spell levels left.
You didn't know any spells.
Your spell library contained the following spells:

 Spells                   Type           Power      Damage    Failure   Level
 Fireball                 Conj/Fire      0%         3d3       100%        5
 Starburst                Conj/Fire      0%         6d3       100%        6
 Ignition                 Fire           0%         3d3       100%        8


Dungeon Overview and Level Annotations

Branches:
Dungeon (4/15)
 Temple: D:4-7

Altars:
Vehumet

Shops:
D:2 ?


Innate Abilities, Weirdness & Mutations

You have a pair of horns on your head.
You reflexively headbutt those who attack you in melee.


Message History

You kill the orc priest!
Something hits you. The orc hits you but does no damage.
You miss something. Your headbutt misses something.
Something barely misses you. The orc hits you with a +0 dagger.
The orc hits you with a +0 dagger. Something hits you.
* * * LOW HITPOINT WARNING * * *
You see here a +0 dagger.
The orc hits you with a +0 dagger.
* * * LOW HITPOINT WARNING * * *
You closely miss something.
The orc suddenly jeers, as Orcs often do.
The orc hits you with a +0 dagger.
* * * LOW HITPOINT WARNING * * *
Something hits you.
* * * LOW HITPOINT WARNING * * *
You hit something. Your headbutt misses something.
The orc hits you with a +0 dagger.
* * * LOW HITPOINT WARNING * * *
Something hits you.
* * * LOW HITPOINT WARNING * * *
You closely miss something. Something barely misses you.
The orc closely misses you. You furiously retaliate!
You headbutt the orc, but do no damage. You barely miss something.
The orc completely misses you.
You hear some strange, mumbled words.
Something tries to affect you, but you resist.
You hit something but do no damage. The orc hits you with a +0 dagger.
* * * LOW HITPOINT WARNING * * *
Something hits you.
* * * LOW HITPOINT WARNING * * *
As you read the scroll of teleportation, it crumbles to dust.
You feel strangely unstable. Something hits you.
* * * LOW HITPOINT WARNING * * *
The orc hits you with a +0 dagger.
* * * LOW HITPOINT WARNING * * *
Reactivating autopickup.
You feel a bit more experienced.
Found a scroll labelled CODOEJOSSE.
The orc attacks as you move away! The orc hits you with a +0 dagger.
You die...

######## ###...##)#
#..@o..).##
.........#)...#
.......###....##
....... #..##.#
......?..#...#.#####
................#.<##
....................#
...............##..##
...#........##


You could see an orc.

Vanquished Creatures
  An ogre (D:3)
  2 orc priests
  Natasha (thrice) (D:2)
  2 orc wizards
  A dart slug (D:1)
  5 orcs
  13 endoplasms
  2 giant cockroaches (D:1)
  6 goblins
  7 hobgoblins
  8 jackals
  5 kobolds
  3 quokkas
  7 ball pythons
  3 bats
  2 frilled lizards (D:3)
  8 rats
78 creatures vanquished.

Notes
Turn   | Place    | Note
-------+----------+-------------------------------------------
     0 | D:1      | DarkSlayer6995 the Minotaur Gladiator began the quest for
                  | the Orb.
     0 | D:1      | Reached XP level 1. HP: 18/18 MP: 0/0
    81 | D:1      | Reached XP level 2. HP: 25/25 MP: 1/1
   456 | D:1      | Reached XP level 3. HP: 21/30 MP: 2/2
   910 | D:2      | Found a radiant altar of Vehumet.
  1124 | D:2      | Found Jithri Nosei's Magic Scroll Shop.
  1155 | D:2      | Bought a scroll of identify for 24 gold pieces
  1155 | D:2      | Bought a scroll of teleportation for 36 gold pieces
  1157 | D:2      | Noticed Natasha
  1168 | D:2      | Killed Natasha
  1169 | D:2      | Reached XP level 4. HP: 6/38 MP: 3/3
  1171 | D:2      | HP: 1/38 [kobold/+0 short sword (5)]
  1559 | D:2      | Noticed Natasha
  1567 | D:2      | Killed Natasha
  1568 | D:2      | Reached skill level 1 in Short Blades
  1568 | D:2      | Reached skill level 1 in Armour
  1668 | D:2      | Noticed Natasha
  1677 | D:2      | Killed Natasha
  1851 | D:3      | Reached XP level 5. HP: 37/45 MP: 4/4
  2736 | D:4      | Noticed an ogre
  2747 | D:3      | Killed an ogre
  2748 | D:3      | Reached XP level 6. HP: 31/53 MP: 5/5
  2909 | D:4      | HP: 1/53 [orc/+0 dagger (3)]
  2913 | D:4      | Slain by an orc

Illustrated notes

Levels and vault maps discovered:
D:1:      doesnt_arrival_eight_statues, layout_loops_ring,
          shapermc_ecumenical_altar_mp_vishouse, chequers_jeans
D:2:      layout_loops_ring, serial_shops, nicolae_shop_advertising_works
          [nicolae_subvault_shop_adworks], basic_altar, uniq_natasha
D:3:      layout_rooms, portal_sewer_entry_b
D:4:      layout_cave_pools, gammafunk_ghost_split

Skill      XL: |  1  2  3  4  5 |
---------------+----------------+-----
Axes           | 4 |  4.2
Dodging        | 4 |  4.9
Fighting       | 3 4 |  4.3
Short Blades   | 1 2 |  2.5
Armour         | 1 2 |  2.9
Throwing       | |  2.6
Stealth        | |  0.4

Action                   |  1- 3 |  4- 6 || total
-------------------------+-------+-------++-------
Melee: War axe           |     4 |       ||     4
       Dagger            |    79 |    27 ||   106
       Headbutt          |    11 |    13 ||    24
       Punch             |     1 |       ||     1
       Short sword       |       |    63 ||    63
Throw: Throwing net      |       |     1 ||     1
Evoke: Wand              |       |     1 ||     1
  Use: Scroll            |     2 |     4 ||     6
 Stab: Sleeping          |     1 |       ||     1
Armor: Leather armour    |    16 |    21 ||    37
Dodge: Dodged            |    58 |   115 ||   173

Table legend: (Time is in decaauts)
 A = Elapsed time spent in this place.
 B = Non-inter-level travel time spent in this place.
 C = Inter-level travel time spent in this place.
 D = Time resting spent in this place.
 E = Time spent auto-exploring this place.
 F = Levels seen in this place.
 G = Mean time per level.
                   A        B        C        D        E       F      G
               +--------+--------+--------+--------+--------+-----+--------+
         Total |   2922 |   2922 |      0 |    741 |    210 |   4 |  730.5 |
       Dungeon |   2922 |   2922 |      0 |    741 |    210 |   4 |  730.5 |
               +--------+--------+--------+--------+--------+-----+--------+

Top non-repeatable levels by time:
     D:3: 1084 daAuts
     D:2: 966 daAuts
     D:1: 831 daAuts
     D:4: 39 daAuts
